Map: Catalyst LE

Players

Zest - Winner!

  • Race: Protoss Protoss
  • League: Master
  • Spawn Location: 11:00

Clem

  • Race: Terran Terran
  • League: Grandmaster
  • Spawn Location: 5:00

Event: HomeStory Cup XVII

VOD

Have the link to the VOD?

Description

Time

  • Played on: June 28, 2018, 1:20 p.m.
  • Length: 8:25

All games in this series

Show
View Real Time Build Order
Export as new Build Order

Zest Protoss - Winner!

Build Orders: Blink Stalkers 

Get SALT Encoding   

  12  0:00  Probe  
  13  0:12  Probe  
  14  0:17  Pylon  
  14  0:24  Probe  
  15  0:32  Probe  
  15  0:37  Gateway  
  15  0:40  Probe  
  16  0:49  Assimilator  
  17  0:51  Probe  
  18  0:57  Pylon  
  18  1:03  Probe  
  19  1:15  Gateway, Probe  
  20  1:25  Cybernetics Core  
  20  1:27  Probe  
  21  1:34  Zealot  
  23  1:40  Assimilator  
  23  1:43  Probe  
  24  1:52  Stalker  
  24  1:55  Probe  
  25  2:03  Stalker  
  25  2:06  Warp Gate  
  29  2:15  Pylon  
  29  2:17  Stalker  
  31  2:36  Stalker  
  33  2:42  Stalker  
  35  3:08  Probe  
  36  3:15  Stalker  
  38  3:20  Nexus  
  38  3:24  Pylon  
  38  3:27  Probe  
  39  3:40  Twilight Council  
  39  3:42  Probe  
  40  3:50  Gateway  
  40  3:54  Probe  
  41  3:57  Blink  
  41  4:05  Pylon  
  41  4:06  Probe  
  42  4:11  Adept  
  42  4:12  Sentry  
  46  4:20  Probe  
  47  4:32  Probe x2  
  47  4:35  Adept  
  51  4:44  Probe  
  51  4:45  Sentry  
  50  4:46  Probe  
  47  4:56  Stalker  
  47  4:59  Stalker  
  49  5:09  Zealot  
  45  5:16  Stalker  
  45  5:22  Stalker  
  45  5:26  Probe x2  
  47  5:32  Stalker  
  47  5:36  Stalker  
  47  5:40  Probe x2  
  51  5:47  Stalker  
  53  5:52  Nexus, Probe x2  
  53  5:55  Stalker  
  57  5:59  Stalker  
  57  6:01  Pylon  
  59  6:17  Stalker  
  61  6:18  Stalker  
  61  6:20  Probe x2  
  61  6:24  Charge  
  65  6:28  Stalker  
  65  6:32  Probe x2  
  63  6:45  Stalker x2  
  62  6:47  Probe x2  
  62  6:52  Zealot  
  65  7:02  Gateway  
  65  7:04  Gateway  
  65  7:05  Gateway  
  63  7:09  Gateway  
  63  7:11  Gateway  
  63  7:14  Stalker  
  63  7:15  Stalker x2  
  65  7:26  Gateway  
  65  7:29  Probe x2  
  67  7:30  Probe  
  68  7:40  Zealot x3  
  68  7:41  Probe x2  
  68  7:42  Probe  
  77  7:53  Probe x2  
  75  8:00  Probe  
  75  8:05  Probe  
  73  8:06  Zealot x7  
  73  8:07  Zealot  
  73  8:11  Robotics Facility  
  89  8:15  Dark Shrine  
Show
View Real Time Build Order
Export as new Build Order

Clem Terran 

Build Orders: Reaper Expand 

Get SALT Encoding   

  12  0:01  SCV  
  13  0:13  SCV  
  14  0:17  Supply Depot  
  14  0:26  SCV  
  15  0:38  SCV  
  15  0:40  Barracks  
  16  0:44  Refinery  
  16  0:50  SCV  
  17  1:03  SCV  
  18  1:15  SCV  
  19  1:28  Reaper  
  19  1:29  Orbital Command  
  20  1:41  Command Center  
  20  1:52  Barracks  
  20  1:56  SCV  
  21  2:02  Barracks Reactor  
  21  2:06  Supply Depot  
  21  2:09  SCV  
  22  2:19  Barracks  
  22  2:22  SCV  
  23  2:34  SCV  
  23  2:38  Marine  
  23  2:39  Marine x2  
  26  2:45  Supply Depot  
  26  2:46  SCV  
  27  2:56  Marine  
  29  2:58  SCV  
  29  2:59  Marine  
  29  3:05  Marine  
  30  3:10  Barracks Tech Lab, SCV  
  30  3:17  Marine x2  
  32  3:22  SCV  
  32  3:25  Barracks Tech Lab  
  33  3:30  Stimpack  
  33  3:31  Command Center  
  33  3:32  Marine  
  34  3:36  Engineering Bay  
  34  3:38  Supply Depot  
  34  3:41  Marine  
  34  3:42  Marine  
  34  3:45  Concussive Shells  
  36  3:51  Marauder  
  38  3:59  Marauder  
  38  4:01  Supply Depot  
  40  4:05  Terran Infantry Weapons Level 1  
  40  4:07  Marine  
  41  4:10  Marine  
  41  4:15  Marauder  
  44  4:20  SCV  
  44  4:21  Marauder  
  46  4:33  Marine  
  46  4:35  Marine  
  46  4:36  Marauder, SCV  
  51  4:44  Orbital Command  
  46  4:48  SCV  
  42  4:55  Marine  
  42  4:56  Marine x2  
  45  5:00  SCV  
  45  5:01  Marauder  
  48  5:12  SCV x2  
  48  5:13  Marine  
  46  5:15  Orbital Command  
  46  5:16  Marine  
  46  5:18  Marauder  
  43  5:23  Marauder  
  43  5:24  SCV  
  39  5:36  SCV  
  39  5:39  Marauder  
  42  5:43  Marine  
  42  5:44  Marauder, Marine  
  42  5:48  SCV x2  
  48  6:00  SCV  
  48  6:01  Marauder, Marine  
  48  6:02  Marine  
  52  6:04  Refinery  
  52  6:05  SCV  
  52  6:06  Refinery, Marauder  
  53  6:12  SCV  
  53  6:17  SCV  
  50  6:19  Marine  
  50  6:20  Factory, Marine  
  50  6:22  Marauder  
  50  6:24  SCV  
  53  6:27  Marauder  
  53  6:29  SCV  
  53  6:37  SCV  
  47  6:41  Marine x2, SCV  
  47  6:43  Marauder  
  47  6:48  Marauder  
  47  6:49  SCV  
  47  6:54  SCV  
  50  6:59  Marine x2  
  50  7:01  SCV  
  51  7:05  Marauder  
  51  7:06  SCV  
  51  7:08  Widow Mine  
  53  7:13  SCV  
  47  7:17  Marine x2  
  47  7:18  Marauder, SCV  
  48  7:25  SCV  
  48  7:26  Marauder  
  48  7:30  SCV  
  48  7:34  Marine  
  48  7:35  Marine  
  48  7:37  SCV  
  48  7:39  Cyclone  
  48  7:40  Marauder  
  54  7:45  SCV  
  53  7:51  Refinery  
  53  7:52  Marine x2, Marauder  
  53  7:55  SCV  
  52  7:59  SCV  
  52  8:02  Marauder  
Tags
 
Add a new tag
Caveats
  • Supply blocks, unpowered buildings, or Contaminate may cause inaccurate times.
  • Supply counts are checked every 10 seconds.